Match 41020044
Unlisted

Match 41020044
End
Construct Section Command Post
Dingo Light Scout Car
Infantry Section
Infantry Section
Infantry Section
Construct Platoon Command Post
Infantry Training
Unlock Bishop Self-propelled Artillery
Bishop Self-propelled Artillery
Selects Australian Defense Battlegroup
Bishop Self-propelled Artillery
Light Vehicle Training
CMP 15cwt Truck
Forward Retreat Point
Selects Australian Light Infantry Section
Selects Defensive Tactics
Selects Vehicle Over Repair
Construct Company Command Post
Grenade Package
Selects CMP 15cwt Supply Run
Selects Reinforced Resource Caches
Crusader II Medium Tank
Royal Engineer Section
Crusader II Medium Tank
Selects Charged Creeping Barrage
Charged Creeping Barrage
Crusader II Medium Tank
Charged Creeping Barrage
Crusader II Medium Tank
Charged Creeping Barrage
Crusader II Medium Tank
Armored Vehicle Training
Charged Creeping Barrage
Crusader II Medium Tank
Crusader II Medium Tank
Charged Creeping Barrage
Bishop Self-propelled Artillery
Bishop Self-propelled Artillery
Charged Creeping Barrage
ProxyFox
Sponge Bob
bl4ckjack
CalmSassarShow
Landser
*Mule
FeriG
AitorEdy
0
0

Comments sign in to comment!

No comments posted yet!